 Dungeon Crawl Stone Soup version 0.27.1-33-g824d729ab1 (webtiles) character file.

Game seed: 2936319919235029838

76 klutch the Skirmisher (level 4, -2/61 HPs)
             Began as a Minotaur Fighter on Dec 6, 2021.
             Killed from afar by a steam dragon (24 damage)
             ... with a ball of steam
             ... on level 3 of the Dungeon.
             The game lasted 00:08:11 (1670 turns).

klutch the Skirmisher (Minotaur Fighter)            Turns: 1670, Time: 00:08:12

Health: -2/61      AC:  9    Str: 20    XL:     4   Next: 12%
Magic:  3/3        EV: 10    Int:  5    God:
Gold:   73         SH:  0    Dex: 11    Spells: 3/3 levels left

rFire    . . .     SeeInvis .   a - +0 flail
rCold    . . .     Faith    .   (no shield)
rNeg     . . .     Spirit   .   b - +0 scale mail
rPois    .         Reflect  .   (helmet restricted)
rElec    .         Harm     .   (no cloak)
rCorr    .         Rampage  .   i - +1 pair of gloves
Will     .....                  (no boots)
Stlth    ..........             (no amulet)
HPRegen  0.20/turn              (no ring)
MPRegen  0.08/turn              (no ring)

@: confused, berserking, ambrosia-drunk, very quick
A: horns 2, retaliatory headbutt
a: no special abilities


You were on level 3 of the Dungeon.
You visited 1 branch of the dungeon, and saw 3 of its levels.

You collected 73 gold pieces.

Inventory:

Hand Weapons
 a - a +0 flail (weapon)
 e - a +1 short sword of draining
Missiles
 g - 5 boomerangs (quivered)
 n - 5 javelins
 r - 7 poisoned darts
Armour
 b - a +0 scale mail (worn)
 i - a +1 pair of gloves (worn)
Wands
 l - a wand of polymorph (4)
 m - a wand of digging (4)
Scrolls
 c - 2 scrolls of identify
 q - a scroll of fear
Potions
 d - a potion of might
 h - a potion of haste
 j - a potion of attraction {unknown}
 o - a potion of mutation {unknown}
 p - a potion of curing {unknown}


   Skills:
 * Level 4.4 Fighting
 * Level 3.3 Maces & Flails
 + Level 1.1 Throwing
 + Level 4.0 Armour
 + Level 1.0 Dodging
 - Level 3.6 Shields
 + Level 1.2 Unarmed Combat


You had 3 spell levels left.
You didn't know any spells.
Your spell library was empty.

Dungeon Overview and Level Annotations

Branches:
Dungeon (3/15)

Altars:
Trog
Vehumet


Innate Abilities, Weirdness & Mutations

You have a pair of horns on your head.
You reflexively headbutt those who attack you in melee.


Message History

You bump into the rock wall.
You hear some strange, mumbled words.
You are more confused.
Something hits you.
You bump into the rock wall.
The steam dragon breathes steam at you.
The ball of steam hits you but does no damage.
Something hits you.
You bump into the rock wall.
You are engulfed in a cloud of scalding steam.
Something hits you but does no damage.
You bump into the rock wall.
You are engulfed in a cloud of scalding steam.
You hear some strange, mumbled words.
You are more confused.
You barely miss something. Your headbutt misses something.
You are engulfed in a cloud of scalding steam.
* * * LOW HITPOINT WARNING * * *
Something hits you.
* * * LOW HITPOINT WARNING * * *
Okay, then.
You are too confused!
Unknown command.
Unknown command.
It was a potion of ambrosia.
You are more confused.
You feel invigorated. Something hits you but does no damage.
It was a potion of berserk rage.
A red film seems to cover your vision as you go berserk!
You feel yourself moving faster!
You feel mighty! Something hits you.
* * * LOW HITPOINT WARNING * * *
You are too berserk!
You bump into the rock wall.
You feel a strong urge to attack something.
Something hits you but does no damage.
You barely miss something. Something hits you but does no damage.
You bump into the rock wall.
The steam dragon breathes steam at you. The ball of steam hits you!!
You die...

########## ## #........#
#.. ### #........# )... #@#
#........# ..... ##{#
##........#
......#####Do####.........#
..........................#
....._..##.#.#####.....<..#
.......###.#..........#####
......# ..#.########†#
...... ...... #....# ...D..
##....# #.#.##


You could see a steam dragon (catching breath) and an orc wizard.

Vanquished Creatures
  Jessica (D:2)
  An adder (D:3)
  An orc (D:2)
  6 bats
  3 endoplasms
  2 giant cockroaches
  5 goblins
  2 hobgoblins
  3 quokkas
  4 ball pythons
  4 frilled lizards
  4 kobolds
  2 rats (D:2)
38 creatures vanquished.

Vanquished Creatures (others)
  An orc (D:3)
1 creature vanquished.

Grand Total: 39 creatures vanquished

Notes
Turn   | Place    | Note
-------+----------+-------------------------------------------
     0 | D:1      | klutch the Minotaur Fighter began the quest for the Orb.
     0 | D:1      | Reached XP level 1. HP: 19/19 MP: 0/0
   263 | D:1      | Reached XP level 2. HP: 27/27 MP: 1/1
   987 | D:2      | Reached XP level 3. HP: 33/33 MP: 2/2
  1354 | D:2      | Noticed Jessica
  1369 | D:2      | Killed Jessica
  1370 | D:2      | Reached skill level 1 in Throwing
  1370 | D:2      | Reached skill level 1 in Dodging
  1370 | D:2      | Reached skill level 1 in Unarmed Combat
  1540 | D:3      | Reached XP level 4. HP: 41/41 MP: 3/3
  1596 | D:3      | Found a radiant altar of Vehumet.
  1640 | D:3      | Found a bloodstained altar of Trog.
  1646 | D:3      | Noticed a steam dragon
  1665 | D:3      | HP: 2/41 [something (3)]
  1670 | D:3      | Killed from afar by a steam dragon

Illustrated notes

Levels and vault maps discovered:
D:1:      amcnicky_arrival_wind_blow, layout_basic
D:2:      layout_loops_ring, uniq_jessica
D:3:      layout_rooms, nicolae_dithmenos_shadow_blocks,
          mainiacjoe_overflow_cross_hatched, mainiacjoe_overflow_24_doors,
          bloody_trog, uniq_sigmund

Skill      XL: |  1  2  3 |
---------------+----------+-----
Fighting       | 4 |  4.4
Maces & Flails | 3 |  3.3
Throwing       | 1 |  1.1
Dodging        | 1 |  1.0
Unarmed Combat | 1 |  1.2
Armour         | 4 |  4.0
Shields        | |  3.6

Action                   |  1- 3 |  4- 6 || total
-------------------------+-------+-------++-------
Melee: Flail             |    82 |     8 ||    90
       Headbutt          |     8 |     1 ||     9
Throw: Javelin           |    11 |       ||    11
       Boomerang         |     9 |     2 ||    11
Evoke: Wand              |     3 |       ||     3
  Use: Scroll            |     4 |       ||     4
       Potion            |       |     2 ||     2
Armor: Scale mail        |    42 |    10 ||    52
Dodge: Dodged            |    35 |     5 ||    40
